 Dungeon Crawl Stone Soup version 0.30.0-29-ga12c61a403 (webtiles) character file.

Game seed: 13807309873692104528

35 ces the Shooter (level 3, 0/18 HPs)
             Began as a Spriggan Hunter on June 26, 2023.
             Succumbed to a water moccasin's poison
             ... in a sewer.
             The game lasted 00:02:45 (1856 turns).

ces the Shooter (Spriggan Hunter)                   Turns: 1856, Time: 00:02:45

Health: 0/18       AC:  3    Str:  5 (7)  XL:     3   Next: 17%
Magic:  4/4        EV: 18    Int:  9 (10) God:
Gold:   138        SH:  0    Dex: 18 (20) Spells: 2/2 levels left

rFire   . . .        a - +0 shortbow (flame)
rCold   . . .        (shield currently unavailable)
rNeg    . . .        c - +1 robe
rPois   .            (helmet restricted)
rElec   .            (no cloak)
rCorr   .            (gloves unavailable)
SInv    +            (boots unavailable)
Will    .....        (no amulet)
Stlth   ++           (no ring)
HPRegen 0.23/turn    (no ring)
MPRegen 0.09/turn

%: no passive effects
@: lethally poisoned (0 -> -10), attractive, invisible, very quick
A: very small, no large weapons, unfitting armour, see invisible, speed 3,
mutation resistance 1
a: no special abilities


You were in a sewer.
You visited 1 branch of the dungeon, and saw 3 of its levels.
You also visited: Sewer.

You collected 138 gold pieces.

Inventory:

Hand Weapons
 a - a +0 shortbow of flaming (weapon)
Armour
 c - a +1 robe (worn)
Scrolls
 b - 2 scrolls of immolation
Potions
 e - 2 potions of might


   Skills:
 - Level 1.5 Fighting
 + Level 5.0 Ranged Weapons
 + Level 2.9 Dodging
 - Level 1.5 Stealth


You had 2 spell levels left.
You didn't know any spells.
Your spell library contained the following spells:

 Spells                   Type           Power      Damage    Failure   Level
 Lesser Beckoning         Tloc           0%         N/A       52%         2
 Gell's Gravitas          Tloc           0%         N/A       77%         3
 Teleport Other           Tloc           0%         N/A       77%         3


Dungeon Overview and Level Annotations

Branches:
Dungeon (3/15)              Sewer (1/1)

Altars:

Annotations:
D:2 Terence


Innate Abilities, Weirdness & Mutations

You are very small and have problems with some larger weapons.
You are too small for most types of armour.
You have supernaturally acute eyesight. (SInv)
You cover ground extremely quickly. (Speed+++)
You are somewhat resistant to further mutation.


Message History

Moving in this stuff is going to be slow.
A water moccasin comes into view.
Found 19 gold pieces and a blue potion.
You shoot an arrow. The arrow hits the water moccasin!
The arrow burns the water moccasin.
The water moccasin hisses angrily.
The water moccasin is moderately wounded.
You shoot an arrow. The arrow misses the water moccasin.
You shoot an arrow.
The arrow barely misses the water moccasin.
The water moccasin barely misses you.
You shoot an arrow.
The arrow barely misses the water moccasin.
The water moccasin bites you. The water moccasin barely misses you.
You shoot an arrow. The arrow hits the water moccasin.
The arrow burns the water moccasin.
The water moccasin is severely wounded.
The water moccasin misses you.
You aren't carrying any items that you can evoke.
You shoot an arrow. The arrow misses the water moccasin.
The water moccasin misses you. The water moccasin bites you.
You are lethally poisoned!
The water moccasin poisons you!
You are too injured to fight recklessly!
You are too injured to fight recklessly!
It was a potion of degeneration.
There was something very wrong with that liquid.
You feel weakened.
You feel dopey.
You feel clumsy.
* * * LOW HITPOINT WARNING * * *
You feel very sick. The water moccasin misses you.
The water moccasin completely misses you.
It was a potion of invisibility.
You fade into invisibility!
* * * LOW HITPOINT WARNING * * *
You feel very sick. The water moccasin misses you.
It was a potion of attraction.
You feel attractive to monsters.
You die...

#### ..~.## ## !
## ...~.### #.
$~##. #..~..### #.
##.~.. #~~...###~
..~~..# ##.~.~...~
#~~~..###
###~~...###.
#..S@~####~~.~.###
#.
###.......~..###
#. ###.~....### ##
######## # # #


You could see a water moccasin (unable to see you).

Vanquished Creatures
  An adder (D:2)
  2 dart slugs (D:1)
  3 bats
  3 endoplasms
  2 giant cockroaches
  A hobgoblin (D:1)
  2 jackals (Sewer)
  A quokka (D:3)
  2 ball pythons
  5 rats
22 creatures vanquished.

Notes
Turn   | Place    | Note
-------+----------+-------------------------------------------
     0 | D:1      | ces the Spriggan Hunter began the quest for the Orb.
     0 | D:1      | Reached XP level 1. HP: 10/10 MP: 2/2
   369 | D:1      | Reached XP level 2. HP: 14/14 MP: 3/3
   386 | D:1      | Found a faded altar of an unknown god.
  1220 | D:2      | Noticed Terence
  1407 | D:2      | Reached XP level 3. HP: 18/18 MP: 4/4
  1739 | D:3      | Gained mutation: Your body sometimes deteriorates upon
                  | taking damage. [potion of mutation]
  1740 | D:3      | Lost mutation: Your body sometimes deteriorates upon taking
                  | damage. [potion of mutation]
  1740 | D:3      | Gained mutation: You are somewhat resistant to further
                  | mutation. [potion of mutation]
  1805 | D:3      | Reached skill level 5 in Ranged Weapons
  1813 | D:3      | Found a glowing drain.
  1818 | Sewer    | Entered a sewer
  1847 | Sewer    | Noticed a water moccasin
  1856 | Sewer    | Succumbed to a water moccasin's poison

Illustrated notes

Levels and vault maps discovered:
D:1:      minmay_arrival_plants_in_alcoves, layout_loops_ring,
          hellmonk_ecumenical_altar_defaced_shrine, minmay_liquid_box
D:2:      layout_basic, uniq_terence
D:3:      layout_loops_corners, gup_sewer_entry_bowl, serial_shops,
          nicolae_lakefront_shop, grunt_decor_junction
Sewer:    sewer_the_moccasin

Skill      XL: |  1  2  3 |
---------------+----------+-----
Ranged Weapons | 5 |  5.0
Fighting       | |  1.5
Dodging        | |  2.9
Stealth        | |  1.5

Action                     || total
---------------------------++-------
   Fire: Shortbow          ||    50
    Use: Scroll            ||     9
         Potion            ||     5
 Armour: Robe              ||     3
  Dodge: Dodged            ||    16
